 Dungeon Crawl Stone Soup version 0.21.1-1-g345015f (webtiles) character file.

72 tyranidshit the Skirmisher (level 4, -3/39 HPs)
             Began as a Demonspawn Abyssal Knight on July 31, 2018.
             Was a Follower of Lugonu.
             Slain by an ogre
             ... wielding a +0 giant club
              (19 damage)
             ... on level 3 of the Dungeon.
             The game lasted 00:02:51 (1391 turns).

tyranidshit the Skirmisher (DsAK)                   Turns: 1391, Time: 00:02:52

Health: -3/39      AC:  5    Str: 13    XL:     4   Next: 6%
Magic:  5/5        EV:  9    Int: 13    God:    Lugonu [*.....]
Gold:   143        SH:  0    Dex: 13    Spells: 3/3 levels left

rFire    . . .     SeeInvis .   a - +1 hand axe
rCold    . . .     Gourm    .   (no shield)
rNeg     . . .     Faith    .   f - +0 scale mail
rPois    .         Spirit   .   (helmet restricted)
rElec    .         Reflect  .   (no cloak)
rCorr    .         Harm     .   (no gloves)
MR       .....                  (no boots)
Stlth    ..........             (no amulet)
HPRegen  0.13/turn              (no ring)
MPRegen  0.09/turn              (no ring)

@: no status effects
A: horns 1, thin metallic scales 1, deformed body, spiny 1
a: Depart the Abyss, Renounce Religion


You were on level 3 of the Dungeon.
You worshipped Lugonu.
Lugonu was aware of your devotion.
You were not hungry.

You visited 1 branch of the dungeon, and saw 3 of its levels.
You visited the Abyss 1 time.

You collected 143 gold pieces.

Inventory:

Hand Weapons
 a - a +1 hand axe (weapon)
Armour
 b - a +0 leather armour
 d - a +0 ring mail
 f - a +0 scale mail (worn)
Jewellery
 h - an uncursed ring of fire {unknown}
Scrolls
 e - a scroll of teleportation
 g - 2 scrolls of remove curse
Potions
 i - a potion of curing
Comestibles
 c - 3 rations


   Skills:
 + Level 5.0 Fighting
 - Level 1.7 Axes
 - Level 1.7 Armour
 - Level 0.8 Dodging
 - Level 2.4 Invocations


You had 3 spell levels left.
You didn't know any spells.

Dungeon Overview and Level Annotations

Branches:
Dungeon (3/15)

Altars:


Innate Abilities, Weirdness & Mutations

You are partially covered in thin metallic scales. (AC +2)
You are partially covered in sharp spines.
You have a pair of small horns on your head.
Armour fits poorly on your strangely shaped body.


Message History

You hit the ogre.
The ogre is lightly wounded.
The ogre is struck by your spines. The ogre barely misses you.
You barely miss the ogre.
The ogre is lightly wounded.
The ogre barely misses you.
You closely miss the ogre.
The ogre is lightly wounded.
The ogre hits you with a giant club!
Your scale mail prevents you from hitting the ogre.
You headbutt the ogre.
The ogre is lightly wounded.
The ogre barely misses you.
You slash the ogre! Your headbutt misses the ogre.
The ogre is moderately wounded.
The ogre is struck by your spines. The ogre hits you with a giant club!
You hit the ogre.
The ogre is heavily wounded.
The ogre hits you with a giant club!!
You die...

#########
########$.......
.......O@.......
########.######.
#<....# #.#####
#.# #.# #.# ...
..#


You could see an ogre.

Vanquished Creatures
  2 adders (D:2)
  2 worms (D:2)
  4 leopard geckos
  An orc (D:2)
  5 bats
  A giant cockroach (D:2)
  4 goblins
  9 hobgoblins
  3 frilled lizards
  4 kobolds (D:1)
  6 rats
41 creatures vanquished.

Notes
Turn   | Place    | Note
-------+----------+-------------------------------------------
     0 | Abyss:1  | tyranidshit the Demonspawn Abyssal Knight began the quest for the Orb.
     0 | Abyss:1  | Reached XP level 1. HP: 18/18 MP: 2/2
    53 | Abyss:1  | Noticed a small abomination
    56 | Abyss:1  | Noticed an ancient zyme
    57 | D:1      | Escaped the Abyss
   105 | D:1      | Reached * piety under Lugonu
   274 | D:1      | Gained mutation: You are partially covered in thin metallic scales. (AC +2) [demonic ancestry]
   274 | D:1      | Reached XP level 2. HP: 2/24 MP: 3/3
   593 | D:2      | Reached skill level 4 in Fighting
   736 | D:2      | Reached XP level 3. HP: 30/30 MP: 4/4
   922 | D:2      | Gained mutation: Armour fits poorly on your strangely shaped body. [potion of mutation]
   922 | D:2      | Gained mutation: You have a pair of small horns on your head. [potion of mutation]
  1111 | D:2      | Gained mutation: You are partially covered in sharp spines. [demonic ancestry]
  1111 | D:2      | Reached XP level 4. HP: 20/38 MP: 5/5
  1154 | D:2      | Reached skill level 5 in Fighting
  1383 | D:3      | Noticed an ogre
  1391 | D:3      | Slain by an ogre

Skill      XL: |  1  2  3  4 |
---------------+-------------+-----
Fighting       | 4 5 |  5.0
Axes           | |  1.7
Armour         | |  1.7
Dodging        | |  0.8
Invocations    | |  2.4

Action                   |  1- 3 |  4- 6 || total
-------------------------+-------+-------++-------
Melee: Hand axe          |   122 |    11 ||   133
       Headbutt          |     7 |     1 ||     8
Invok: Depart the Abyss  |     1 |       ||     1
  Use: Scroll            |     5 |       ||     5
       Potion            |     4 |       ||     4
  Eat: Ration            |     1 |       ||     1
Armor: Ring mail         |     8 |       ||     8
       Scale mail        |    56 |       ||    56
Dodge: Dodged            |    64 |     5 ||    69
